 Dungeon Crawl Stone Soup version 0.30.0-10-gfe55d96785 (webtiles) character file.

Game seed: 2468419865322631229

3773 qw the Cleaver (level 10, -2/64 HPs)
             Began as a Gargoyle Cinder Acolyte on May 17, 2023.
             Was an Initiate of Ignis.
             Slain by Grum
             ... wielding a +1 halberd
              (17 damage)
             ... on level 8 of the Dungeon.
             The game lasted 00:03:00 (7436 turns).

qw the Cleaver (Gargoyle Cinder Acolyte)            Turns: 7436, Time: 00:03:00

Health: -2/64      AC: 22    Str: 21    XL:     10   Next: 16%
Magic:  11/11      EV:  8    Int: 16    God:    Ignis [......]
Gold:   51         SH:  0    Dex:  5    Spells: 11/11 levels left

rFire   + . .        Y - +1 war axe
rCold   . . .        (no shield)
rNeg    + . .        l - +0 chain mail
rPois   inf          f - +0 helmet
rElec   +            u - +0 cloak
rCorr   +            c - +0 pair of gloves
SInv    .            v - +0 pair of boots
Will    +....        r - amulet of the acrobat Stlth
                     b - ring of willpower
HPRegen 0.30/turn    m - ring of resist corrosion
MPRegen 0.12/turn

%: acrobat
@: no status effects
A: sickness immunity, AC +7, negative energy resistance 1, electricity
resistance, torment resistance 1, petrification resistance
a: Renounce Religion, Rising Flame


You were on level 8 of the Dungeon.
You worshipped Ignis.
Ignis was noncommittal.
You visited 1 branch of the dungeon, and saw 8 of its levels.

You collected 353 gold pieces.
You spent 302 gold pieces at shops.


Innate Abilities, Weirdness & Mutations

You are immune to sickness and miasma.
Your stone body is resilient. (AC +7)
You are immune to poison.
You resist negative energy. (rN+)
You are resistant to electric shocks. (rElec)
You are resistant to unholy torment.
You are immune to petrification.


   Skills:
 - Level 8.0 Fighting
 + Level 10.2 Axes
 - Level 1.7 Throwing
 - Level 6.3 Armour
 - Level 1.5 Dodging
 - Level 1.0 Spellcasting
 - Level 3.0 Fire Magic


You had 11 spell levels left.
You didn't know any spells.
Your spell library contained the following spells:

 Spells                   Type           Power      Damage    Failure   Level
 Scorch                   Fire           20%        2d5       52%         2

Inventory:

Hand Weapons
 e - a +1 flail of venom
 Y - a +1 war axe (weapon)
Armour
 c - a +0 pair of gloves (worn)
 f - a +0 helmet (worn)
 l - a +0 chain mail (worn)
 p - a +2 pair of boots
 u - a +0 cloak (worn)
 v - a +0 pair of boots (worn)
Jewellery
 b - a ring of willpower (left hand)
 h - a ring of fire
 m - a ring of resist corrosion (right hand)
 r - an amulet of the acrobat (around neck)
Scrolls
 g - a scroll of identify
Potions
 a - 5 potions of curing
 d - a potion of resistance
 i - 2 potions of cancellation
 j - a potion of mutation
 k - a potion of haste
 n - a potion of invisibility {unknown}
 o - a potion of flight {unknown}
 q - a potion of degeneration {unknown}

Dungeon Overview and Level Annotations

Branches:
Dungeon (8/15)             Temple (0/1) D:5
   Lair: D:8-11

Altars:
Cheibriados
Nemelex Xobeh
Trog
Wu Jian

Shops:
D:3 [   D:5 [   D:7 *

Annotations:
D:8 Grum, Maurice


Message History

Maurice hits you but does no damage.
You slash the wolf!
The wolf is severely wounded.
You miss the wolf. You closely miss Maurice. You barely miss the wolf.
The wolf bites you but does no damage. The wolf bites you!
The wolf bites you but does no damage. The wolf barely misses you.
The wolf bites you! The wolf bites you but does no damage.
Grum hits you from afar with a +1 halberd!
Maurice zaps a wand.
You easily resist.
You slash the wolf!
You kill the wolf!
You hit the wolf. You barely miss Maurice. You hit the wolf but do no damage.
The wolf bites you but does no damage. The wolf bites you.
The wolf bites you but does no damage. Grum closely misses you.
Maurice zaps a wand.
You easily resist.
You miss the wolf.
The wolf is moderately wounded.
You barely miss Maurice. You closely miss the wolf.
The wolf bites you but does no damage. The wolf bites you.
The wolf barely misses you. The wolf bites you. Grum misses you.
Maurice gestures wildly while chanting.
Maurice flickers and vanishes!
Deactivating autopickup; reactivate with Ctrl-A.
Autopickup is now on.
Lua error: [string "/dgldir/rcfiles/crawl-bot-0.30/qwlua.rc"]:3701: Cannot currently process new keys (there is pending input)
You miss the wolf.
The wolf is moderately wounded.
You closely miss something. You hit the wolf. The wolf closely misses you.
The wolf bites you but does no damage. The wolf completely misses you.
Grum barely misses you. Something hits you but does no damage.
Deactivating autopickup; reactivate with Ctrl-A.
Autopickup is now on.
Lua error: [string "/dgldir/rcfiles/crawl-bot-0.30/qwlua.rc"]:3701: Cannot currently process new keys (there is pending input)
You miss the wolf.
The wolf is moderately wounded.
You barely miss something. You miss the wolf.
The wolf bites you but does no damage. x3
Grum hits you from afar with a +1 halberd!
You die...

.....................
...................)....
...................)....
........................
........................
........................
........................
.....<%...!.............
......{@................
......hh................
......g.................
........................
.......................
..........?............
.......................
.................


You could see Grum and 2 wolves.

Vanquished Creatures
  Pikel (D:7)
  6 yaks (D:8)
  Menkaure (D:7)
  Edmund (D:4)
  An orc warrior (D:8)
  2 ice beasts
  A sky beast (D:6)
  2 ogres (D:5)
  A centaur (D:6)
  A wolf (D:8)
  3 lemures (D:7)
  2 phantoms
  Blork the orc (D:4)
  A kobold brigand (D:5)
  3 bullfrogs
  A scorpion (D:4)
  3 wights (D:8)
  4 killer bees (D:7)
  A howler monkey (D:4)
  3 orc priests
  A hound (D:5)
  A gnoll bouda (D:7)
  A sleepcap (D:5)
  4 iguanas
  Ijyb (D:4)
  3 orc wizards
  Terence (D:3)
  10 gnolls
  4 adders
  A white imp (D:6)
  2 ufetubi
  A worm (D:3)
  2 dart slugs
  18 orcs
  6 ball pythons
  4 bats
  9 endoplasms
  3 giant cockroaches
  9 goblins
  7 hobgoblins
  4 jackals (D:4)
  2 quokkas
  A frilled lizard (D:1)
  4 kobolds
  4 rats
142 creatures vanquished.

Notes
Turn   | Place    | Note
-------+----------+-------------------------------------------
     0 | D:1      | qw the Gargoyle Cinder Acolyte began the quest for the Orb.
     0 | D:1      | Reached XP level 1. HP: 14/14 MP: 2/2
     0 | D:1      | 0 ||| qw: Version: 0.2-a-95-g4c1bab1
     0 | D:1      | 0 ||| qw: Game counter: 123
     0 | D:1      | 0 ||| qw: Always use a shield: true
     0 | D:1      | 0 ||| qw: God list: Okawaru
     0 | D:1      | 0 ||| qw: Allow faded altars: false
     0 | D:1      | 0 ||| qw: Do Orc after D:15 true
     0 | D:1      | 0 ||| qw: Do second Lair branch before Depths: true
     0 | D:1      | 0 ||| qw: Lair rune preference: random
     0 | D:1      | 0 ||| qw: Plans: Normal
     0 | D:1      | 0 ||| PLANNING D:1-11
   130 | D:1      | Reached skill level 3 in Axes
   214 | D:1      | Reached XP level 2. HP: 18/19 MP: 3/3
  1007 | D:1      | 1007 ||| UPGRADING to +0 helmet.
  1012 | D:1      | 1012 ||| UPGRADING to +0 scale mail.
  1022 | D:1      | 1022 ||| DROPPING +0 robe.
  1023 | D:1      | 1023 ||| UPGRADING to +0 chain mail.
  1033 | D:1      | 1033 ||| DROPPING +0 scale mail.
  1034 | D:1      | 1034 ||| READING scroll labelled YTRE GOAXA.
  1038 | D:1      | 1038 ||| READING scroll labelled VEKIEPTOUMU.
  1039 | D:1      | 1039 ||| READING scroll labelled GINETH PIYNT.
  1040 | D:1      | 1040 ||| READING scroll labelled LYURAE XALO.
  1077 | D:2      | 1077 ||| Stepping ~*~*~tactically~*~*~ (hiding).
  1167 | D:2      | 1167 ||| Stepping ~*~*~tactically~*~*~ (stealth).
  1169 | D:2      | Reached XP level 3. HP: 23/23 MP: 4/4
  1196 | D:2      | 1196 ||| Stepping ~*~*~tactically~*~*~ (stealth).
  1199 | D:2      | 1199 ||| Stepping ~*~*~tactically~*~*~ (stealth).
  1200 | D:2      | 1200 ||| Stepping ~*~*~tactically~*~*~ (stealth).
  1201 | D:2      | 1201 ||| Stepping ~*~*~tactically~*~*~ (stealth).
  1202 | D:2      | 1202 ||| Stepping ~*~*~tactically~*~*~ (stealth).
  1206 | D:2      | Reached skill level 1 in Armour
  1479 | D:2      | Reached skill level 4 in Axes
  2160 | D:2      | 2160 ||| UPGRADING to ring of willpower.
  2161 | D:2      | 2161 ||| DROPPING ring of magical power.
  2162 | D:2      | 2162 ||| READING scroll labelled FUTUQ SYSCH.
  2163 | D:2      | 2163 ||| READING scroll labelled YRGHIY EWEECE.
  2178 | D:2      | 2178 ||| READING scroll labelled NADUSO PYPHUETT.
  2232 | D:3      | 2232 ||| STAIRDANCE
  2240 | D:2      | Reached XP level 4. HP: 27/28 MP: 5/5
  2320 | D:3      | 2320 ||| Stepping ~*~*~tactically~*~*~ (stealth).
  2321 | D:3      | 2321 ||| Stepping ~*~*~tactically~*~*~ (stealth).
  2363 | D:3      | 2363 ||| DROPPING +0 club.
  2404 | D:3      | Noticed Terence
  2412 | D:3      | Killed Terence
  2416 | D:3      | 2416 ||| Stepping ~*~*~tactically~*~*~ (hiding).
  2469 | D:3      | Found Adairair's Antique Armour Shop.
  2481 | D:3      | 2481 ||| SHOPLISTING masterwork steam dragon scales (855
                  | gold, have 102).
  2481 | D:3      | 2481 ||| SHOPLISTING polished ring mail (171 gold, have
                  | 102).
  2481 | D:3      | 2481 ||| SHOPLISTING shiny chain mail (142 gold, have 102).
  2481 | D:3      | 2481 ||| SHOPLISTING smouldering scale mail (171 gold, have
                  | 102).
  2481 | D:3      | 2481 ||| DROPPING +0 mace.
  2553 | D:3      | Found an ornate altar of the Wu Jian Council.
  2748 | D:3      | 2748 ||| READING scroll labelled ISTAEM KOAMUN.
  2749 | D:3      | 2749 ||| DRINKING 2 white potions.
  2854 | D:3      | 2854 ||| DRINKING 3 purple potions.
  2855 | D:3      | 2855 ||| DROPPING potion of berserk rage.
  3007 | D:4      | 3007 ||| INVOKING Fiery Armour.
  3009 | D:4      | Noticed Edmund
  3014 | D:4      | Reached XP level 5. HP: 28/32 MP: 6/6
  3020 | D:4      | Killed Edmund
  3021 | D:4      | Reached skill level 5 in Axes
  3021 | D:4      | Reached XP level 6. HP: 28/37 MP: 7/7
  3056 | D:4      | 3056 ||| DROPPING +0 flail.
  3245 | D:4      | Noticed Blork the orc
  3249 | D:4      | HP: 9/37 [Blork the orc/+0 heavy dire flail (17)]
  3250 | D:4      | 3250 ||| INVOKING Fiery Armour.
  3252 | D:4      | Killed Blork the orc
  3477 | D:4      | 3477 ||| Stepping ~*~*~tactically~*~*~ (hiding).
  3478 | D:4      | 3478 ||| INVOKING Fiery Armour.
  3484 | D:4      | Reached skill level 6 in Axes
  3486 | D:4      | HP: 9/38 [gnoll/+0 halberd (7)]
  3671 | D:4      | Noticed Ijyb
  3675 | D:4      | 3675 ||| INVOKING Fiery Armour.
  3680 | D:4      | Killed Ijyb
  3681 | D:4      | Reached skill level 3 in Armour
  3681 | D:4      | Reached XP level 7. HP: 23/43 MP: 8/8
  3807 | D:4      | 3807 ||| READING scroll labelled UREMIR ZIGISHRI.
  3808 | D:4      | 3808 ||| DRINKING 2 fuming orange potions.
  3809 | D:4      | 3809 ||| DRINKING 3 fizzy coppery potions.
  3819 | D:4      | 3819 ||| READING 3 scrolls of identify.
  3819 | D:4      | 3819 ||| IDENTIFYING yellow potion
  3820 | D:4      | 3820 ||| READING 2 scrolls of identify.
  3820 | D:4      | 3820 ||| IDENTIFYING bubbling silvery potion
  3821 | D:4      | 3821 ||| DROPPING potion of attraction.
  3822 | D:4      | 3822 ||| DROPPING 2 potions of ambrosia.
  3839 | D:5      | Entered Level 5 of the Dungeon
  3847 | D:5      | 3847 ||| STAIRDANCE
  3927 | D:5      | 3927 ||| INVOKING Fiery Armour.
  4010 | D:5      | 4010 ||| Stepping ~*~*~tactically~*~*~ (stealth).
  4061 | D:5      | 4061 ||| Stepping ~*~*~tactically~*~*~ (stealth).
  4129 | D:5      | 4129 ||| INVOKING Fiery Armour.
  4136 | D:5      | Reached skill level 7 in Axes
  4207 | D:5      | 4207 ||| SWAPPING to +0 heavy hand axe.
  4208 | D:5      | 4208 ||| DROPPING -1 heavy hand axe.
  4248 | D:5      | Found a bloodstained altar of Trog.
  4295 | D:5      | Found a sparkling altar of Nemelex Xobeh.
  4451 | D:5      | Found a staircase to the Ecumenical Temple.
  4471 | D:5      | 4471 ||| Stepping ~*~*~tactically~*~*~ (stealth).
  4478 | D:5      | Reached skill level 1 in Throwing
  4478 | D:5      | Reached XP level 8. HP: 49/49 MP: 9/9
  4497 | D:5      | Found Ufewn's Antique Armour Emporium.
  4512 | D:5      | 4512 ||| BUYING cloak (94 gold).
  4512 | D:5      | Bought a cloak for 94 gold pieces
  4512 | D:5      | 4512 ||| BUYING pair of boots (94 gold).
  4512 | D:5      | Bought a pair of boots for 94 gold pieces
  4691 | D:5      | 4691 ||| Stepping ~*~*~tactically~*~*~ (hiding).
  4694 | D:5      | 4694 ||| INVOKING Fiery Armour.
  4861 | D:5      | 4861 ||| UPGRADING to +0 pair of gloves.
  4866 | D:5      | 4866 ||| UPGRADING to +0 cloak.
  4871 | D:5      | 4871 ||| UPGRADING to +0 pair of boots.
  4876 | D:5      | 4876 ||| UPGRADING to amulet of the acrobat.
  4881 | D:5      | 4881 ||| UPGRADING to ring of resist corrosion.
  4882 | D:5      | 4882 ||| DRINKING 2 murky pink potions.
  4883 | D:5      | 4883 ||| DRINKING 2 fuming cyan potions.
  4942 | D:5      | 4942 ||| READING 3 scrolls of identify.
  4942 | D:5      | 4942 ||| IDENTIFYING silvery potion
  4943 | D:5      | 4943 ||| READING 2 scrolls of identify.
  4943 | D:5      | 4943 ||| IDENTIFYING bubbling clear potion
  4944 | D:5      | 4944 ||| DROPPING potion of brilliance.
  4945 | D:5      | 4945 ||| DROPPING potion of lignification.
  4963 | D:6      | 4963 ||| STAIRDANCE
  5007 | D:6      | 5007 ||| STAIRDANCE
  5009 | D:5      | 5009 ||| INVOKING Fiery Armour.
  5012 | D:5      | HP: 7/49 [ice beast (8)]
  5013 | D:5      | 5013 ||| READING scroll of teleportation.
  5182 | D:6      | 5182 ||| Stepping ~*~*~tactically~*~*~ (hiding).
  5555 | D:6      | Reached skill level 8 in Axes
  5572 | D:6      | 5572 ||| DROPPING +1 heavy mace.
  5618 | D:6      | Found a snail-covered altar of Cheibriados.
  5767 | D:6      | 5767 ||| DROPPING amulet of magic regeneration.
  5910 | D:7      | 5910 ||| Stepping ~*~*~tactically~*~*~ (stealth).
  5928 | D:7      | Found a flagged portal.
  5929 | D:7      | 5929 ||| Stepping ~*~*~tactically~*~*~ (hiding).
  5932 | D:7      | 5932 ||| Stepping ~*~*~tactically~*~*~ (hiding).
  5946 | D:7      | Reached skill level 6 in Fighting
  5955 | D:7      | 5955 ||| Stepping ~*~*~tactically~*~*~ (stealth).
  5969 | D:7      | Reached XP level 9. HP: 29/55 MP: 10/10
  6087 | D:7      | Found Apramar's Assorted Antiques.
  6097 | D:7      | 6097 ||| BUYING black potion (21 gold).
  6097 | D:7      | Bought a black potion for 21 gold pieces
  6097 | D:7      | 6097 ||| SHOPLISTING embroidered hat (168 gold, have 115).
  6097 | D:7      | 6097 ||| BUYING puce potion (21 gold).
  6097 | D:7      | Bought a puce potion for 21 gold pieces
  6097 | D:7      | 6097 ||| BUYING scroll of teleportation (72 gold).
  6097 | D:7      | Bought a scroll of teleportation for 72 gold pieces
  6288 | D:7      | 6288 ||| SWAPPING to +0 war axe.
  6289 | D:7      | 6289 ||| DROPPING +0 heavy hand axe.
  6492 | D:7      | 6492 ||| Stepping ~*~*~tactically~*~*~ (stealth).
  6533 | D:7      | Noticed Menkaure
  6537 | D:7      | 6537 ||| INVOKING Fiery Armour.
  6544 | D:7      | Killed Menkaure
  6655 | D:7      | 6655 ||| READING scroll labelled DIZIRO CETRAGE.
  6656 | D:7      | 6656 ||| READING scroll labelled FEIRPH WITTE.
  6657 | D:7      | 6657 ||| DRINKING 2 black potions.
  6702 | D:8      | Noticed Pikel
  6705 | D:8      | 6705 ||| INVOKING Fiery Armour.
  6709 | D:8      | 6709 ||| STAIRDANCE
  6720 | D:7      | Killed Pikel
  6721 | D:7      | Reached skill level 9 in Axes
  6930 | D:8      | 6930 ||| INVOKING Fiery Armour.
  7009 | D:8      | Reached skill level 6 in Armour
  7011 | D:8      | HP: 14/57 [yak (3)]
  7012 | D:8      | 7012 ||| READING scroll of teleportation.
  7013 | D:8      | Reached skill level 10 in Axes
  7013 | D:8      | 7013 ||| DRINKING potion of heal wounds.
  7135 | D:8      | Reached skill level 1 in Dodging
  7135 | D:8      | Reached XP level 10. HP: 55/63 MP: 11/11
  7146 | D:8      | 7146 ||| INVOKING Fiery Armour.
  7306 | D:8      | 7306 ||| INVOKING Fiery Armour.
  7421 | D:8      | Noticed Maurice
  7424 | D:8      | Noticed Grum
  7434 | D:8      | HP: 14/64 [wolf[Grum] (6)]
  7436 | D:8      | Slain by Grum

Levels and vault maps discovered:
D:1:      minmay_arrival_open_corners, layout_basic, minmay_distorted
D:2:      layout_basic, minmay_pentomino_s2
D:3:      layout_rooms, mainiacjoe_overflow_tiny_flanked, serial_shops,
          nicolae_shop_peninsula, minivault_11, uniq_terence
D:4:      wad_pebble_path, layout_basic, patterned_corridor, uniq_blork_the_orc,
          uniq_edmund, uniq_ijyb
D:5:      layout_loops_cross, nicolae_overflow_squiral,
          minmay_temple_entry_statues_fountains, serial_shops, shop
D:6:      layout_basic, general_overflow_altar
D:7:      layout_gridville, enter_bailey_5, serial_shops,
          nicolae_shop_advertising_works [nicolae_subvault_shop_adworks],
          uniq_menkaure
D:8:      layout_layer_cave, serial_park_tiny_pond, minmay_misc_feat_nine_boxes,
          uniq_pikel, uniq_grum, uniq_maurice

Skill      XL: |  1  2  3  4  5  6  7  8  9 10 |
---------------+-------------------------------+-----
Axes           | 3 4 5 6 7 8 10 | 10.2
Armour         | 1 2 3 5 6 |  6.3
Fighting       | 4 5 6 7 8 |  8.0
Throwing       | 1 |  1.7
Dodging        | 1 |  1.5
Spellcasting   | |  1.0
Fire Magic     | |  3.0

Action                     |  1- 3 |  4- 6 |  7- 9 | 10-12 || total
---------------------------+-------+-------+-------+-------++-------
  Melee: Hand axe          |   129 |    70 |   168 |       ||   367
         Punch             |     1 |     3 |     1 |     1 ||     6
         War axe           |       |       |    74 |    38 ||   112
  Throw: Boomerang         |       |       |    37 |       ||    37
 Invoke: Fiery Armour      |       |     4 |     7 |     2 ||    13
    Use: Scroll            |     7 |     1 |     9 |       ||    17
         Potion            |       |     2 |     6 |       ||     8
   Stab: Distracted        |     1 |       |       |       ||     1
 Armour: Robe              |    21 |       |       |       ||    21
         Chain mail        |    40 |    69 |   243 |    34 ||   386
  Dodge: Dodged            |    57 |    28 |   153 |    19 ||   257

Table legend:
 A = Non-vault XP
 B = Vault XP
 C = Vault XP percentage of total XP
 D = Non-vault monster count
 E = Vault monster count
 F = Vault count percentage of total count
                 A         B        C        D         E       F
            +---------+---------+-------+---------+---------+-------
      Total |    4073 |    1318 |  24.4 |     125 |      14 |  10.1
            +---------+---------+-------+---------+---------+-------
        D:1 |      30 |       1 |   3.2 |      17 |       1 |   5.6
        D:2 |      48 |       3 |   5.9 |      16 |       2 |  11.1
        D:3 |      33 |      32 |  49.2 |      10 |       1 |   9.1
        D:4 |     244 |     305 |  55.6 |      17 |       3 |  15.0
        D:5 |     883 |       0 |   0.0 |      23 |       0 |   0.0
        D:6 |     408 |       0 |   0.0 |      10 |       0 |   0.0
        D:7 |     639 |     862 |  57.4 |      18 |       6 |  25.0
        D:8 |    1788 |     115 |   6.0 |      14 |       1 |   6.7
            +---------+---------+-------+---------+---------+-------
